 Dungeon Crawl Stone Soup version 0.22-a0-571-g4a923d4 (webtiles) character file.

168433 kae the Severer (level 17, -1/166 HPs)
             Began as a Hill Orc Fighter on July 1, 2018.
             Was the Champion of Makhleb.
             Slain by an emperor scorpion (9 damage)
             ... on level 4 of the Spider Nest.
             The game lasted 00:43:35 (36792 turns).

kae the Severer (Hill Orc Fighter)                 Turns: 36792, Time: 00:43:35

Health: -1/166     AC: 28    Str: 24      XL:     17   Next: 94%
Magic:  0/27       EV:  7    Int:  7 (8)  God:    Makhleb [******]
Gold:   3151       SH:  0    Dex: 12      Spells: 16/16 levels left

rFire    . . .     SeeInvis +   a - +2 battleaxe (freeze)
rCold    . . .     Gourm    .   (shield currently unavailable)
rNeg     . . .     Faith    .   w - +4 storm dragon scales {Bai Suzhen}
rPois    +         Spirit   +   (no helmet)
rElec    +         Reflect  .   x - scarf {cloud immunity}
rCorr    .         Harm     .   K - +2 pair of gloves
MR       +....                  j - +2 pair of boots
Stlth    ..........             T - amulet of guardian spirit
HPRegen  0.37/turn              F - ring of see invisible
MPRegen  0.20/turn              S - ring of poison resistance

@: about to teleport, flying, held
A: no striking features
a: Minor Destruction, Lesser Servant of Makhleb, Major Destruction, Greater
Servant of Makhleb, Renounce Religion


You were on level 4 of the Spider Nest.
You worshipped Makhleb.
Makhleb was exalted by your worship.
You were not hungry.

You visited 5 branches of the dungeon, and saw 28 of its levels.

You collected 3151 gold pieces.

Inventory:

Hand Weapons
 a - a +2 battleaxe of freezing (weapon)
 b - a +4 hand axe of flaming
Armour
 j - a +2 pair of boots (worn)
 w - +4 storm dragon scales (worn) {Bai Suzhen}
 x - a scarf of cloud immunity (worn)
 K - a +2 pair of gloves (worn)
 U - a +3 plate armour of fire resistance
Jewellery
 v - an uncursed amulet of rage
 D - an uncursed amulet of the acrobat
 F - a ring of see invisible (left hand)
 L - an uncursed ring of flight
 N - an uncursed ring of positive energy
 R - a +3 ring of evasion
 S - a ring of poison resistance (right hand)
 T - an amulet of guardian spirit (around neck)
Wands
 p - a wand of digging (9)
 t - a wand of iceblast (12)
 u - a wand of paralysis (30)
 A - a wand of disintegration (46)
 B - a wand of flame (37)
 E - a wand of acid (17)
 H - a wand of polymorph (49)
 O - a wand of enslavement (17)
Scrolls
 c - 2 scrolls of vulnerability
 e - 5 scrolls of fear
 i - 10 scrolls of identify
 q - 3 scrolls of remove curse
 r - 7 scrolls of teleportation
 s - 7 scrolls of blinking
 C - a scroll of magic mapping
 G - a scroll of silence
 I - a scroll of brand weapon
 M - 3 scrolls of holy word
 Q - 3 scrolls of enchant armour
 X - a scroll of fog
 Y - 2 scrolls of torment
Potions
 d - 3 potions of might
 g - 3 potions of haste
 h - a potion of cancellation
 k - 2 potions of magic
 l - 3 potions of flight
 m - 7 potions of curing
 n - 4 potions of lignification
 o - 2 potions of berserk rage
 z - 4 potions of brilliance
 J - 4 potions of mutation
 P - 2 potions of resistance
 W - a potion of agility
 Z - 2 potions of invisibility
Comestibles
 f - 18 rations
 V - 3 chunks of flesh


   Skills:
 + Level 18.7 Fighting
 - Level 20.0 Axes
 - Level 15.0 Armour
 - Level 9.0 Dodging
   Level 6.8 Shields
 - Level 14.0 Invocations
 - Level 6.2 Evocations


You had 16 spell levels left.
You didn't know any spells.
Your spell library contained the following spells:

 Spells                   Type           Power        Failure   Level  Hunger
 Magic Dart               Conj           #...         89%         1    ##.....
 Conjure Flame            Conj/Fire      #.......     99%         3    ####...
 Lightning Bolt           Conj/Air       #.........   100%        5    ######.
 Slow                     Hex            #.......     96%         2    ###....
 Mephitic Cloud           Conj/Pois/Air  #.......     99%         3    ####...
 Blink                    Tloc           N/A          96%         2    ###....
 Call Imp                 Summ           #.......     96%         2    ###....
 Shock                    Conj/Air       #...         89%         1    ##.....
 Swiftness                Chrm/Air       #.......     96%         2    ###....
 Airstrike                Air            #.........   100%        4    #####..
 Static Discharge         Conj/Air       #.......     99%         3    ####...


Dungeon Overview and Level Annotations

Branches:
Dungeon (15/15)            Temple (1/1) D:4            Lair (6/6) D:9
 Shoals (0/4) Lair:2       Spider (4/4) Lair:4        Slime (0/5) Lair:5
    Orc (2/2) D:10            Elf (0/3) Orc:2        Vaults (0/5) D:13
 Depths (0/5) D:15

Altars:
Ashenzari
Cheibriados
Dithmenos
Elyvilon
Fedhas
Gozag
Hepliaklqana
Kikubaaqudgha
Makhleb
Nemelex Xobeh
Okawaru
Qazlal
Ru
Sif Muna
Trog
Uskayaw
Vehumet
Wu Jian
Xom
Yredelemnul
Zin
The Shining One
Beogh
Jiyva

Shops:
D:9 (   Orc:2 =([:

Annotations:
Lair:2 exclusion: 2 oklob plants
Lair:5 1 runed door


Message History

* * * LOW HITPOINT WARNING * * *
The jumping spider barely misses you.
The redback zombie completely misses you.
The jumping spider pounces on you.
* * * LOW HITPOINT WARNING * * *
The jumping spider bites you but does no damage.
Unknown command.
As you read the scroll of teleportation, it crumbles to dust.
You feel strangely unstable. The emperor scorpion stings you.
* * * LOW HITPOINT WARNING * * *
The emperor scorpion claws you but does no damage. x2
The jumping spider pounces on you but does no damage.
The jumping spider bites you but does no damage.
The redback zombie bites you but does no damage.
You feel very buoyant.
You fly up into the air.
The jumping spider barely misses you.
The jumping spider bites you but does no damage.
The redback zombie bites you but does no damage.
The emperor scorpion stings you!
You die...

##. ##
######################
#.#(.≈≈..#.......≈≈≈≈≈
#....≈≈≈≈..........≈≈#
#....≈#≈≈≈....#...#.≈≈
#.....≈≈≈≈≈≈≈.........
##......≈≈≈#≈≈≈.......
#...s@################
#...sZ#,,,,,,,,,,,,*,,
#....s#,,*,,,,,,,,,,,,
#...#.#,,,,,,,,*,,,,,,
#...†$#≈,,,**********,
#...≈≈#≈≈,,*,,,,,,,,*,
#..≈≈≈#≈≈≈**,*,,,,,,*,
#..#≈≈#≈≈***,*,,,,,,+,
#..≈≈≈≈≈≈≈≈*,*,,,,,,+,


You could see an emperor scorpion, a jumping spider, a death scarab and a
redback zombie.

Vanquished Creatures
  Mara (Spider:4)
  Bai Suzhen (Spider:4)
  Arachne (Spider:4)
  Rupert (Lair:5)
  Agnes (D:14)
  2 ghost moths
  3 emperor scorpions
  An orc warlord (Orc:2)
  An entropy weaver (Spider:3)
  2 spark wasps
  Snorg (D:13)
  3 ogre magi
  Erolcha (D:11)
  8 vault guards (D:13)
  9 hydras
  Erica (D:9)
  A catoblepas (Lair:6)
  2 death knights (D:14)
  3 centaur warriors
  16 two-headed ogres
  An orc high priest (Orc:2)
  2 death scarabs (Spider:4)
  Urug (Orc:1)
  3 unseen horrors
  A deep troll (D:15)
  2 spectral wolf spiders (Spider:4)
  Pikel (D:8)
  A phantasmal warrior (D:14)
  5 orc knights
  2 wolf spider zombies (Spider:4)
  13 orb spiders
  2 orc sorcerers
  24 wolf spiders
  2 cyclopes
  5 manticores
  12 ugly things
  A moth of wrath (Spider:4)
  11 elephants
  A centaur zombie (D:10)
  2 black mambas
  31 spiny frogs
  Joseph (D:8)
  2 gargoyles
  Psyche (D:8)
  A freezing wraith (D:14)
  7 komodo dragons
  A kobold demonologist (D:13)
  5 rime drakes
  2 spectral redbacks (Spider:4)
  14 demonic crawlers
  3 tyrant leeches (Lair:6)
  21 jumping spiders
  8 trolls
  A polar bear (Lair:4)
  3 spectral jumping spiders (Spider:4)
  5 hornets
  6 hippogriffs
  22 blink frogs
  Prince Ribbit (D:8)
  A jumping spider zombie (Spider:4)
  A tarantella zombie (Spider:4)
  4 slime creatures
  3 dream sheep (Lair:2)
  20 tarantellas
  3 wraiths
  A spriggan (Lair:4)
  58 redbacks
  16 yaks
  A hungry ghost (D:7)
  2 wyverns
  14 vampire mosquitoes
  3 basilisks
  A hog (shapeshifter) (D:14)
  5 wargs
  2 acid dragons
  2 soldier ants (D:13)
  18 water moccasins
  An ice beast (D:9)
  10 porcupines
  42 orc warriors
  A slave (D:8)
  2 phantoms
  3 sky beasts
  A black bear (Lair:4)
  24 ogres
  20 centaurs
  3 necrophages (D:9)
  20 wolves
  3 crocodiles
  2 wyvern zombies (D:9)
  A gnoll sergeant (D:5)
  30 bullfrogs
  A wyvern skeleton (D:8)
  A water moccasin zombie (D:7)
  5 scorpions
  22 killer bees
  5 electric eels
  10 wights
  4 howler monkeys
  7 crimson imps
  A bullfrog zombie (D:9)
  7 hounds
  5 centaur skeletons
  A quasit (D:6)
  Crazy Yiuf (D:7)
  A bullfrog skeleton (D:12)
  16 orc priests
  3 jellies
  22 orc wizards
  4 iguanas
  6 worker ants
  2 killer bee zombies
  A hound skeleton (D:5)
  2 hound zombies (D:9)
  A howler monkey zombie (D:7)
  7 gnolls
  10 adders
  A shadow imp (D:7)
  2 adder zombies
  An adder skeleton (D:8)
  A worm (D:3)
  4 dart slugs
  2 leopard geckos (D:5)
  108 orcs
  3 giant cockroaches
  8 goblins
  8 hobgoblins
  23 jackals
  7 kobolds
  4 quokkas
  A ball python (D:4)
  2 bats (D:2)
  6 frilled lizards
  A jackal zombie (D:5)
  A leopard gecko skeleton (D:7)
  A quokka zombie (D:7)
  9 rats
  11 fungi
  4 plants
957 creatures vanquished.

Vanquished Creatures (collateral kills)
  Nessos (Lair:5)
  A hydra (Lair:6)
  An ogre mage (D:15)
  An orb spider (Spider:4)
  A wolf spider (Spider:4)
  4 elephants (Lair:3)
  A torpor snail (Lair:2)
  A rime drake (Lair:6)
  A demonic crawler (Spider:3)
  2 komodo dragons (Lair:2)
  3 jumping spiders
  A tyrant leech (Lair:6)
  3 blink frogs (Lair:6)
  A dream sheep (Lair:2)
  3 redbacks (Spider:3)
  2 tarantellas (Spider:3)
  2 yaks (Lair:6)
  A vampire mosquito (Lair:6)
  A basilisk (Lair:6)
  A water moccasin (Lair:6)
  A porcupine (Lair:2)
  A crocodile (Lair:6)
  2 bullfrogs
  A bush (Lair:2)
37 creatures vanquished.

Vanquished Creatures (others)
  An emperor scorpion (Spider:4)
  2 jumping spiders (Spider:1)
  A spectral jumping spider (Spider:4)
  An orc warrior (Orc:2)
  3 slaves (D:8)
  An orc priest (D:8)
  An orc wizard (D:10)
  2 bushes (Lair:4)
  18 fungi
  38 plants
68 creatures vanquished.

Grand Total: 1062 creatures vanquished

Notes
Turn   | Place    | Note
-------+----------+-------------------------------------------
     0 | D:1      | kae the Hill Orc Fighter began the quest for the Orb.
     0 | D:1      | Reached XP level 1. HP: 19/19 MP: 1/1
    91 | D:1      | Reached skill level 3 in Axes
   240 | D:1      | Reached XP level 2. HP: 21/27 MP: 2/2
   627 | D:2      | Reached skill level 4 in Axes
   654 | D:2      | Reached XP level 3. HP: 29/33 MP: 3/3
  1118 | D:2      | Reached XP level 4. HP: 37/41 MP: 4/4
  1154 | D:3      | Reached skill level 5 in Axes
  1374 | D:3      | Reached XP level 5. HP: 29/47 MP: 5/5
  1559 | D:3      | Found a roughly hewn altar of Beogh.
  1563 | D:3      | Reached skill level 5 in Fighting
  1563 | D:3      | Reached skill level 6 in Axes
  2195 | D:4      | Reached XP level 6. HP: 56/56 MP: 6/6
  2455 | D:3      | Reached skill level 7 in Axes
  2798 | D:4      | Found a staircase to the Ecumenical Temple.
  2876 | Temple   | Entered the Ecumenical Temple
  2979 | Temple   | Became a worshipper of Makhleb the Destroyer
  3314 | D:4      | Reached skill level 1 in Invocations
  3612 | D:5      | Entered Level 5 of the Dungeon
  3625 | D:5      | Noticed a phantom
  3664 | D:4      | Reached XP level 7. HP: 35/62 MP: 8/8
  3668 | D:4      | Reached skill level 8 in Axes
  4425 | D:5      | Reached * piety under Makhleb
  4447 | D:5      | Reached skill level 9 in Axes
  4706 | D:6      | Reached XP level 8. HP: 71/71 MP: 10/10
  4768 | D:6      | Found a radiant altar of Vehumet.
  5471 | D:7      | Reached skill level 10 in Axes
  5691 | D:7      | Reached skill level 5 in Invocations
  5750 | D:7      | Reached skill level 11 in Axes
  5750 | D:7      | Reached XP level 9. HP: 68/81 MP: 13/13
  6152 | D:7      | HP: 4/82 [poisoned by a killer bee]
  6159 | D:7      | HP: 3/82 [poisoned by a killer bee]
  6167 | D:7      | HP: 3/82 [poisoned by a killer bee]
  6179 | D:7      | HP: 3/82 [adder zombie (3)]
  6808 | D:7      | Found a runed door.
  6916 | D:7      | Noticed Crazy Yiuf
  6919 | D:7      | Killed Crazy Yiuf
  6972 | D:7      | Reached ** piety under Makhleb
  7103 | D:8      | Reached skill level 12 in Axes
  7229 | D:8      | Noticed Psyche
  7520 | D:8      | Noticed Pikel
  7541 | D:8      | Killed Pikel
  7548 | D:8      | Noticed a troll
  7557 | D:8      | Killed a troll
  7608 | D:8      | Noticed Prince Ribbit
  7618 | D:8      | Noticed a two-headed ogre
  7870 | D:8      | Reached XP level 10. HP: 87/91 MP: 15/15
  7873 | D:8      | Reached skill level 13 in Axes
  7894 | D:8      | Killed Psyche
  8116 | D:8      | Noticed Joseph
  8134 | D:8      | Killed Joseph
  8244 | D:8      | Killed Prince Ribbit
  8636 | D:8      | Killed a two-headed ogre
  8636 | D:8      | Reached skill level 10 in Fighting
  8636 | D:8      | Reached skill level 14 in Axes
  8712 | D:9      | Noticed a two-headed ogre
  8718 | D:9      | Killed a two-headed ogre
  8980 | D:9      | Reached *** piety under Makhleb
  9151 | D:9      | Noticed Erica
  9175 | D:9      | Killed Erica
  9175 | D:9      | Reached skill level 15 in Axes
  9175 | D:9      | Reached skill level 10 in Invocations
  9175 | D:9      | Reached XP level 11. HP: 82/101 MP: 18/18
  9303 | D:9      | Found Bir Qugh's Antique Weapon Boutique.
  9492 | D:9      | Noticed a two-headed ogre
  9508 | D:9      | Killed a two-headed ogre
  9679 | D:9      | Found a staircase to the Lair.
  9799 | D:10     | Entered Level 10 of the Dungeon
  9870 | D:10     | Found a staircase to the Orcish Mines.
 10236 | D:10     | Reached **** piety under Makhleb
 10621 | D:11     | Noticed a two-headed ogre
 10633 | D:11     | Killed a two-headed ogre
 10652 | D:11     | Reached skill level 16 in Axes
 10698 | D:11     | Noticed a cyan ugly thing
 10806 | D:11     | Noticed a two-headed ogre
 10806 | D:11     | Noticed a six-headed hydra
 10819 | D:11     | Killed a one-headed hydra
 10820 | D:11     | Killed a two-headed ogre
 11209 | D:11     | Killed a cyan ugly thing
 11421 | D:11     | Noticed Erolcha
 11430 | D:11     | Killed Erolcha
 11430 | D:11     | Reached XP level 12. HP: 60/112 MP: 20/20
 12447 | Lair:1   | Entered Level 1 of the Lair of Beasts
 12536 | Lair:1   | Reached skill level 17 in Axes
 13363 | Lair:1   | Reached skill level 1 in Dodging
 14353 | Lair:2   | Reached skill level 5 in Armour
 14543 | Lair:2   | Found a staircase to the Shoals.
 14558 | Lair:2   | Reached ***** piety under Makhleb
 16893 | Lair:3   | Reached XP level 13. HP: 91/118 MP: 22/22
 17727 | Lair:4   | Found a hole to the Spider Nest.
 17827 | Lair:4   | Reached skill level 5 in Dodging
 17830 | Lair:4   | Reached skill level 10 in Armour
 18610 | Lair:5   | Noticed Rupert
 19304 | Lair:5   | Paralysed by Rupert for 4 turns
 19500 | Lair:5   | Paralysed by Rupert for 4 turns
 19510 | Lair:5   | Killed Rupert
 19700 | Lair:5   | Found a runed door.
 19704 | Lair:5   | Found a viscous altar of Jiyva.
 19705 | Lair:5   | Found a staircase to the Slime Pits.
 19749 | Lair:5   | Noticed Nessos
 19768 | Lair:5   | Killed Nessos
 20034 | Lair:6   | Entered Level 6 of the Lair of Beasts
 20120 | Lair:6   | Reached XP level 14. HP: 126/126 MP: 23/23
 24736 | D:13     | Noticed Snorg
 24750 | D:13     | Killed Snorg
 25004 | D:13     | Found a gate to the Vaults.
 25044 | D:13     | Reached XP level 15. HP: 132/132 MP: 24/24
 25050 | D:13     | Reached skill level 15 in Armour
 25165 | D:13     | Reached skill level 18 in Axes
 25271 | D:13     | Reached skill level 1 in Evocations
 25548 | Orc:1    | Entered Level 1 of the Orcish Mines
 25567 | Orc:1    | Reached ****** piety under Makhleb
 25891 | Orc:2    | Entered Level 2 of the Orcish Mines
 25999 | Orc:1    | Reached skill level 5 in Shields
 26124 | Orc:1    | Noticed Urug
 26135 | Orc:1    | Killed Urug
 26349 | Orc:2    | Found a deep blue altar of Sif Muna.
 26473 | Orc:2    | Found Taunk's Book Shoppe.
 26492 | Orc:2    | Found a staircase to the Elven Halls.
 26497 | Orc:2    | Noticed an orc warlord
 26522 | Orc:2    | Killed an orc warlord
 26899 | Orc:2    | Reached skill level 5 in Evocations
 27310 | Orc:2    | Found Qiyfus's Jewellery Emporium.
 27310 | Orc:2    | Found Emnuosue's Antique Weapon Shop.
 27312 | Orc:2    | Found Hotuisot's Armour Boutique.
 27314 | Orc:2    | Found Aloess's Food Shoppe.
 27624 | D:14     | Noticed Agnes
 27658 | D:14     | HP: 2/198 [Agnes/lajatang (8)]
 27659 | D:14     | Killed Agnes
 28755 | D:15     | Entered Level 15 of the Dungeon
 28761 | D:15     | Reached skill level 19 in Axes
 28764 | D:15     | Reached XP level 16. HP: 139/139 MP: 22/25
 29023 | D:15     | Reached skill level 20 in Axes
 29084 | D:15     | Found a shattered altar of Ashenzari.
 29841 | D:15     | Found a staircase to the Depths.
 30260 | Spider:1 | Entered Level 1 of the Spider Nest
 31373 | Spider:1 | HP: 7/144 [poisoned by a ghost moth]
 31378 | Spider:1 | HP: 5/144 [poisoned by a ghost moth]
 31384 | Spider:1 | HP: 4/144 [poisoned by a ghost moth]
 31390 | Spider:1 | HP: 4/144 [poisoned by a ghost moth]
 31398 | Spider:1 | HP: 5/144 [poisoned by a ghost moth]
 33945 | Spider:3 | Reached XP level 17. HP: 154/154 MP: 18/27
 33951 | Spider:3 | Reached skill level 15 in Fighting
 34630 | Spider:4 | Entered Level 4 of the Spider Nest
 34659 | Spider:4 | Noticed Arachne
 34950 | Spider:4 | Noticed Bai Suzhen
 35093 | Spider:4 | Killed Arachne
 35439 | Spider:4 | Paralysed by a hornet for 3 turns
 35624 | Spider:4 | Killed Bai Suzhen
 36114 | Spider:4 | Noticed Mara
 36182 | Spider:4 | Noticed kae's illusion
 36191 | Spider:4 | Killed Mara
 36791 | Spider:4 | HP: 8/166 [emperor scorpion (5)]
 36792 | Spider:4 | Slain by an emperor scorpion

Vault maps used:
D:1:      dpeg_arrival_rhombi
D:2:      first_ration
D:3:      kennysheep_orc_chapel
D:4:      minmay_temple_entry_statues_pillars, serial_curves, eino_curves_02,
          eino_curves_04
D:5:      corexii_shack_village, minivault_11
D:6:      lemuel_crystal_altar
D:7:      uniq_crazy_yiuf_cottage
D:8:      uniq_pikel, uniq_joseph, uniq_prince_ribbit1, uniq_psyche
D:9:      lair_entry_dummy, serial_undead, serial_undead_f, serial_undead_e,
          serial_undead_a, serial_undead_f, serial_shops,
          nicolae_shop_statue_plus, uniq_erica
D:10:     david_orc_3
D:11:     grunt_ministairs_13, uniq_erolcha
D:13:     erik_vaults_2, uniq_snorg
D:14:     uniq_agnes
D:15:     hangedman_depths_entry_civil_slaughter, basic_altar, special_room
Temple:   kilobyte_greek_temple
Lair:2:   minmay_shoals_entry_centaurs, lab_entry_generic, beast_lair_carwin_3,
          minmay_lair_oklob_chamber, serial_bayou_shore_b, serial_bayou_shore_b
Lair:3:   grunt_megastairs_5
Lair:4:   dummy_spider_entry, forest_entry_grove
Lair:5:   slime_altar_2, uniq_rupert, uniq_nessos
Lair:6:   minmay_lair_end_frog_pond, portal_ice_cave_entry_pillars_2,
          infiniplex_staircase_pool
Spider:2: nicolae_spider_cling_ruins
Spider:4: floodkiller_spider_rune_tomb, uniq_arachne, uniq_mara, uniq_bai_suzhen
Orc:1:    uniq_urug
Orc:2:    st_orc_rangers, serial_shops, shop, nicolae_orc_damp_corner,
          led_sif_book

Skill      XL: |  1  2  3  4  5  6  7  8  9 10 11 12 13 14 15 16 17 |
---------------+----------------------------------------------------+-----
Axes           | 3 4 5 6 7 9 11 12 15 16 17 19 20 | 20.0
Fighting       | 4 5 6 7 9 10 11 12 14 18 | 18.7
Invocations    | 1 3 5 7 10 11 12 14 | 14.0
Dodging        | 4 6 8 9 |  9.0
Armour         | 8 12 14 15 | 15.0
Evocations     | 6 |  6.2
Shields        | 6 |  6.8

Action                   |  1- 3 |  4- 6 |  7- 9 | 10-12 | 13-15 | 16-18 || total
-------------------------+-------+-------+-------+-------+-------+-------++-------
Melee: War axe           |   119 |   158 |   387 |   335 |       |       ||   999
       Hand axe          |       |       |       |   497 |   843 |     7 ||  1347
       Broad axe         |       |       |       |       |   465 |       ||   465
       Battleaxe         |       |       |       |       |   139 |   919 ||  1058
       Scimitar          |       |       |       |       |    24 |       ||    24
Invok: Lesser Servant of |       |       |       |     5 |    13 |     7 ||    25
       Minor Destruction |       |       |       |       |    19 |    27 ||    46
       Greater Servant o |       |       |       |       |       |     3 ||     3
Evoke: Wand              |       |       |       |    11 |       |     2 ||    13
  Use: Potion            |       |     5 |     2 |     3 |     6 |     1 ||    17
       Scroll            |       |       |    16 |    12 |    14 |     8 ||    50
 Stab: Distracted        |       |       |       |       |     4 |     4 ||     8
  Eat: Chunk             |     1 |     8 |    13 |    18 |    31 |    15 ||    86
       Ration            |       |       |     2 |     3 |     2 |     4 ||    11
Armor: Scale mail        |    52 |    60 |   177 |   173 |       |       ||   462
       Skin              |       |       |       |    62 |       |       ||    62
       Plate armour      |       |       |       |   103 |   673 |   639 ||  1415
       Storm dragon scal |       |       |       |       |       |   204 ||   204
Dodge: Dodged            |    38 |    63 |   104 |   168 |   684 |   836 ||  1893
Block: Shield            |    70 |    74 |   138 |   289 |   530 |       ||  1101
       Rpst.: Scimitar   |       |       |       |       |     9 |       ||     9

Table legend:
 A = Spawn XP
 B = Non-spawn XP
 C = Spawn XP percentage of total XP
 D = Spawn monster count
 E = Non-spawn monster count
 F = Spawn count percentage of total count
 G = Total turns spent on level
                    A         B        C        D         E        F      G
               +---------+---------+-------+---------+---------+-------+---------
         Total |       0 |  240619 |   0.0 |       0 |     983 |   0.0 | 36792
               +---------+---------+-------+---------+---------+-------+---------
           D:1 |       0 |      29 |   0.0 |       0 |      16 |   0.0 |   591
           D:2 |       0 |      57 |   0.0 |       0 |      25 |   0.0 |   673
           D:3 |       0 |     260 |   0.0 |       0 |      32 |   0.0 |  1172
           D:4 |       0 |     306 |   0.0 |       0 |      10 |   0.0 |  1002
           D:5 |       0 |     492 |   0.0 |       0 |      32 |   0.0 |   949
           D:6 |       0 |     473 |   0.0 |       0 |      12 |   0.0 |  1182
           D:7 |       0 |    1609 |   0.0 |       0 |      31 |   0.0 |  1798
           D:8 |       0 |    3991 |   0.0 |       0 |      36 |   0.0 |  1108
           D:9 |       0 |    4702 |   0.0 |       0 |      39 |   0.0 |  1398
          D:10 |       0 |    2352 |   0.0 |       0 |      26 |   0.0 |  1190
          D:11 |       0 |    6277 |   0.0 |       0 |      43 |   0.0 |  1731
          D:12 |       0 |     749 |   0.0 |       0 |       9 |   0.0 |  1170
          D:13 |       0 |   14116 |   0.0 |       0 |      36 |   0.0 |   917
          D:14 |       0 |   14834 |   0.0 |       0 |      35 |   0.0 |  1391
          D:15 |       0 |   23477 |   0.0 |       0 |      72 |   0.0 |  1133
        Lair:1 |       0 |    3796 |   0.0 |       0 |      13 |   0.0 |  2023
        Lair:2 |       0 |    4434 |   0.0 |       0 |      23 |   0.0 |  2094
        Lair:3 |       0 |    6290 |   0.0 |       0 |      24 |   0.0 |  1272
        Lair:4 |       0 |    8326 |   0.0 |       0 |      27 |   0.0 |  1188
        Lair:5 |       0 |    8147 |   0.0 |       0 |      31 |   0.0 |  1660
        Lair:6 |       0 |   28916 |   0.0 |       0 |     102 |   0.0 |  2610
      Spider:1 |       0 |   17603 |   0.0 |       0 |      43 |   0.0 |  1763
      Spider:2 |       0 |    5108 |   0.0 |       0 |      15 |   0.0 |  1803
      Spider:3 |       0 |   20012 |   0.0 |       0 |      66 |   0.0 |  1291
      Spider:4 |       0 |   46260 |   0.0 |       0 |      70 |   0.0 |  1675
         Orc:1 |       0 |    3112 |   0.0 |       0 |      20 |   0.0 |   434
         Orc:2 |       0 |   14891 |   0.0 |       0 |      95 |   0.0 |  1348
               +---------+---------+-------+---------+---------+-------+---------
